 Dungeon Crawl Stone Soup version 0.31-a0-542-gdc2a67831c (webtiles) character file.

Game seed: 5746299746675044190

21748 PROFITTTT the Summoner (level 13, 0/97 (101) HPs)
             Began as a Human Wanderer on Aug 14, 2023.
             Was an Initiate of Gozag.
             Slain by a black mamba (13 damage)
             ... on level 2 of the Lair of Beasts.
             The game lasted 00:52:06 (23922 turns).

PROFITTTT the Summoner (Human Wanderer)            Turns: 23922, Time: 00:52:07

HP:   0/97 (101)    AC:  9    Str: 10    XL:     13   Next: 22%
MP:   12/25         EV: 13    Int: 16    God:    Gozag
Gold: 612           SH:  0    Dex: 17    Spells: 21/28 levels left

rFire   . . .        P - +2 short sword (venom)
rCold   . . .        (no shield)
rNeg    . . .        p - +1 leather armour {rPois}
rPois   +            F - +0 helmet
rElec   .            (no cloak)
rCorr   .            d - +0 pair of gloves
SInv    .            n - +1 pair of boots
Will    .....        L - amulet of regeneration
Stlth   ++++++       l - ring of poison resistance
HPRegen 1.16/turn    m - ring of Shadows {Umbra +Inv Stlth+}
MPRegen 0.19/turn

%: no passive effects
@: wreathed by umbra, lightly drained
A: no striking features
a: Renounce Religion, Evoke Invisibility, Potion Petition, Call Merchant, Bribe
Branch


You were on level 2 of the Lair of Beasts.
You worshipped Gozag.
Gozag was pleased with you.
You visited 3 branches of the dungeon, and saw 15 of its levels.

You collected 2665 gold pieces.
You spent 222 gold pieces at shops.
You paid 1831 gold pieces to Gozag.

Inventory:

Hand Weapons
 i - a +4 short sword of freezing
 u - a +0 whip of electrocution
 N - a +0 rapier
 P - a +2 short sword of venom (weapon)
Missiles
 s - 34 poisoned darts (quivered)
 v - 5 curare-tipped darts
Armour
 d - a +0 pair of gloves (worn)
 n - a +1 pair of boots (worn)
 p - a +1 leather armour of poison resistance (worn)
 t - a +0 buckler
 F - a +0 helmet (worn)
Jewellery
 l - a ring of poison resistance (left hand)
 m - the ring of Shadows (right hand) {Umbra +Inv Stlth+}
   (You found it on level 3 of the Dungeon)

   [ring of stealth]

   Umbra:     It surrounds you with an aura of shadow, increasing your stealth
   and reducing the accuracy of all others within it.
   +Inv:      It lets you turn invisible.
   Stlth+:    It makes you more stealthy.
 D - a ring of positive energy
 E - a ring of protection from cold
 L - an amulet of regeneration (around neck)
 R - an amulet of reflection
Wands
 a - a wand of flame (23)
 q - a wand of paralysis (12)
 C - a wand of iceblast (6)
Scrolls
 e - 3 scrolls of fog
 f - 3 scrolls of revelation
 h - 3 scrolls of enchant armour
 j - 7 scrolls of teleportation
 o - a scroll of silence
 x - a scroll of amnesia
 y - a scroll of enchant weapon
 J - 3 scrolls of blinking
 M - 4 scrolls of identify
 O - a scroll of poison
Potions
 b - 2 potions of resistance
 c - a potion of ambrosia
 g - 2 potions of heal wounds
 r - a potion of curing
 w - a potion of attraction
 z - 3 potions of haste
 A - a potion of mutation
 B - 3 potions of brilliance
 G - a potion of magic
 H - a potion of enlightenment
 I - 2 potions of might
 K - a potion of invisibility
 Q - a potion of lignification


   Skills:
 - Level 9.1 Fighting
 * Level 8.1 Short Blades
 - Level 2.0 Maces & Flails
 - Level 6.0 Armour
 + Level 4.3 Dodging
 + Level 6.5 Stealth
 + Level 8.1 Spellcasting
 - Level 6.0 Hexes
 + Level 10.0 Summonings
 - Level 2.0 Air Magic
 - Level 4.0 Evocations


You had 21 spell levels left.
You knew the following spells:

 Your Spells              Type           Power      Damage    Failure   Level
a - Summon Small Mammal   Summ           100%       N/A       1%          1
b - Call Canine Familiar  Summ           38%        N/A       1%          3
c - Summon Guardian Gole  Hex/Summ       32%        N/A       1%          3

Your spell library contained the following spells:

 Spells                   Type           Power      Damage    Failure   Level
 Dazzling Flash           Conj/Hex       32%        N/A       12%         3
 Magic Dart               Conj           24%        1d4       14%         1
 Poisonous Vapours        Pois/Air       18%        N/A       14%         2
 Cigotuvi's Dreadful Rot  Necr/Pois/Air  16%        N/A       16%         2
 Searing Ray              Conj           12%        2d4       22%         2
 Gell's Gravitas          Tloc           6%         N/A       38%         3
 Teleport Other           Tloc           6%         N/A       38%         3
 Volatile Blastmotes      Fire/Tloc      12%        2d11      38%         3
 Fulminant Prism          Conj/Hex       8%         3d7       38%         4
 Dispersal                Tloc           3%         N/A       100%        6
 Starburst                Conj/Fire      3%         6d3       100%        6
 Maxwell's Capacitive Co  Air            6%         ∞         100%        8


Dungeon Overview and Level Annotations

Branches:
Dungeon (11/15)            Temple (1/1) D:6            Lair (3/5) D:9
  Swamp (0/4) Lair:3        Snake (0/4) Lair:2
    Orc: D:9-12

Altars:
Ashenzari
Cheibriados
Dithmenos
Elyvilon
Fedhas
Gozag
Hepliaklqana
Kikubaaqudgha
Makhleb
Nemelex Xobeh
Okawaru
Qazlal
Ru
Sif Muna
Trog
Uskayaw
Vehumet
Wu Jian
Xom
Yredelemnul
Zin
The Shining One

Shops:
D:1 (   D:4 *[=*   D:8 [   D:9 [   D:11 (?   Lair:3 [

Annotations:
D:8 exclusion: oklob sapling
Lair:3 Nergalle


Message History

* * * LOW HITPOINT WARNING * * *
The spectral orc warrior hits you with a +0 dire flail.
* * * LOW HITPOINT WARNING * * *
The spectral orc warrior barely misses you.
You take 12 damage, and have 24/101 hp.
The black mamba attacks as you move away!
The black mamba completely misses you.
Your hound closely misses the spectral orc warrior.
The spectral orc warrior closely misses you. x2
The black mamba closely misses you.
Nergalle hits your guardian golem but does no damage.
Your hound barely misses the spectral orc warrior.
The spectral orc warrior hits you but does no damage.
You are poisoned.
The spectral orc warrior hits your hound with a +0 dire flail!!
The spectral orc warrior completely misses you.
There is a stone staircase leading up here.
You feel very sick.
Your hound bites the spectral orc warrior.
The black mamba misses you.
Nergalle yells, "What are YOU looking at?"
Nergalle hits your guardian golem with a +0 dagger!
The spectral orc warrior hits you from afar with a +0 halberd!
* * * LOW HITPOINT WARNING * * *
You feel drained.
The spectral orc warrior hits you from afar with a +1 trident of venom!
* * * LOW HITPOINT WARNING * * *
You are lethally poisoned!
The spectral orc warrior barely misses your hound.
The spectral orc warrior hits you with a +0 mace.
* * * LOW HITPOINT WARNING * * *
You feel drained.
You climb upwards.
* * * LOW HITPOINT WARNING * * *
You feel extremely sick.
There is a stone staircase leading down here.
You take 25 damage, and have 1/97 hp.
You feel better. The black mamba bites you!
You die...
Your body crumbles into a pile of gold.

#### ########## ## ###.P##
######P.##.##.#####. ......#
#P.................. #.....###
##S..###............ ####....#
#..@.# #....).......
#..#########...###............
####..###P..##.....##............
..................###............
....................#............
...................##...<........
..................#..............
.............[...................
.................................


You could see a black mamba.

Vanquished Creatures
  A boulder beetle (D:9)
  A two-headed ogre (D:9)
  Sonja (Lair:1)
  3 elephants
  A black mamba (Lair:2)
  4 cane toads
  A rime drake (Lair:1)
  2 hornets
  2 blink frogs
  9 yaks
  2 wyverns
  2 steam dragons
  2 acid dragons
  6 water moccasins
  5 wolves
  A centaur (D:7)
  A kobold brigand (D:9)
  A phantom (D:6)
  3 bullfrogs
  A scorpion (D:5)
  6 wights
  3 killer bees
  A howler monkey (D:8)
  2 hounds
  5 orc priests
  2 iguanas (D:4)
  A sleepcap (D:5)
  3 orc wizards
  4 gnolls
  9 adders
  A white imp (D:7)
  4 dart slugs
  11 orcs
  9 ball pythons
  3 bats
  3 endoplasms
  5 giant cockroaches
  7 goblins
  4 hobgoblins
  2 jackals (D:2)
  4 quokkas
  4 frilled lizards
  A hobgoblin zombie (D:7)
  9 kobolds
  5 rats
157 creatures vanquished.

Vanquished Creatures (collateral kills)
  2 unseen horrors (D:11)
  2 komodo dragons
  A troll (D:9)
  A polar bear (D:9)
  A blink frog (Lair:3)
  2 wyverns
  7 yaks
  A basilisk (Lair:1)
  An acid dragon (D:11)
  3 water moccasins (Lair:1)
  A sky beast (D:6)
  An ice beast (D:7)
  A wolf (Lair:1)
  2 centaurs
  A phantom (D:4)
  A kobold brigand (D:11)
  4 bullfrogs
  A gnoll sergeant (D:4)
  3 scorpions (D:5)
  4 wights (D:8)
  A killer bee (D:9)
  3 howler monkeys
  2 jellies
  3 hounds
  An orc priest (D:7)
  A sleepcap (D:6)
  4 iguanas
  An orc wizard (D:8)
  5 gnolls
  13 adders
  A shadow imp (D:7)
  A white imp (D:5)
  An ufetubus (D:4)
  A worm (D:2)
  A dart slug (D:4)
  17 orcs
  10 endoplasms
  A giant cockroach (D:1)
  3 goblins
  2 hobgoblins
  8 jackals
  14 kobolds
  A quokka (D:5)
  2 ball pythons
  3 bats (D:1)
  2 goblin skeletons (D:7)
  A goblin zombie (D:7)
  An orc zombie (D:7)
  3 rats
147 creatures vanquished.

Vanquished Creatures (others)
  3 death yaks (D:9)
  2 elephants (Lair:1)
  Psyche (D:8)
  A rime drake (Lair:2)
  A komodo dragon (Lair:1)
  A polar bear (D:9)
  2 blink frogs (Lair:3)
  A wyvern (Lair:3)
  9 yaks
  A water moccasin (D:8)
  4 orc warriors
  A sky beast (D:7)
  An ice beast (D:7)
  A black bear (D:7)
  2 wolves (Lair:2)
  3 wights
  4 killer bees (D:7)
  A howler monkey (D:8)
  An orc priest (D:7)
  2 orc wizards (D:7)
  A white imp (D:7)
  3 orcs
  An orc skeleton (D:7)
  2 orc zombies (D:7)
49 creatures vanquished.

Grand Total: 353 creatures vanquished

Notes
Turn   | Place    | Note
-------+----------+-------------------------------------------
     0 | D:1      | PROFITTTT the Human Wanderer began the quest for the Orb.
     0 | D:1      | PROFITTTT set off with the following items: a +0 dagger, a
                  | potion of lignification, a +0 robe, a +0 pair of gloves;
                  | and the following spell memorised: Summon Small Mammal; and
                  | the following spells available to memorise: Call Canine
                  | Familiar, Poisonous Vapours, Cigotuvi's Dreadful Rot,
                  | Summon Guardian Golem.
     0 | D:1      | Reached XP level 1. HP: 15/15 MP: 2/2
    88 | D:1      | Reached XP level 2. HP: 21/21 MP: 3/3
   308 | D:1      | Found a faded altar of an unknown god.
   436 | D:1      | Reached XP level 3. HP: 26/26 MP: 4/4
   440 | D:1      | Learned a level 3 spell: Call Canine Familiar
   797 | D:1      | Found Uxaecone's Antique Weapon Boutique.
  1132 | D:2      | Reached XP level 4. HP: 25/32 MP: 4/7
  2068 | D:2      | Reached XP level 5. HP: 30/37 MP: 7/9
  2588 | D:3      | Found the ring of Shadows {Umbra +Inv Stlth+}
  3045 | D:3      | Found a sacrificial altar of Ru.
  3237 | D:3      | Found a sparkling altar of Nemelex Xobeh.
  3424 | D:3      | Reached skill level 1 in Short Blades
  3619 | D:3      | Found a sacrificial altar of Ru.
  3725 | D:3      | HP: 2/55 [gnoll/+0 hand axe[a gnoll bouda] (6)]
  4048 | D:4      | Reached XP level 6. HP: 31/44 MP: 1/10
  4415 | D:4      | Found Xuttoty's Armour Shoppe.
  4435 | D:4      | Bought a +1 pair of boots for 126 gold pieces
  4458 | D:4      | Reached skill level 5 in Summonings
  4516 | D:4      | Found Utuklu's Assorted Antiques.
  4540 | D:4      | Found Sineoqeo's Jewellery Boutique.
  5059 | D:4      | Reached skill level 1 in Evocations
  5277 | D:4      | Reached XP level 7. HP: 26/50 MP: 3/11
  5504 | D:4      | Found Qeal's General Store.
  5765 | D:5      | Entered Level 5 of the Dungeon
  5816 | D:5      | Reached skill level 6 in Summonings
  6077 | D:5      | Reached skill level 1 in Dodging
  6431 | D:5      | Reached XP level 8. HP: 51/57 MP: 0/13
  8001 | D:6      | Reached skill level 1 in Maces & Flails
  8102 | D:6      | Found a staircase to the Ecumenical Temple.
  8130 | Temple   | Entered the Ecumenical Temple
  8146 | Temple   | Became a worshipper of Gozag Ym Sagoz the Greedy
  8261 | D:6      | Noticed a yak
  8261 | D:6      | Noticed a yak
  8261 | D:6      | Noticed a yak
  8314 | D:6      | Killed a yak
  8470 | D:6      | Noticed a yak
  8470 | D:6      | Noticed a yak
  8472 | D:6      | Noticed a yak
  8567 | D:5      | Killed a yak
  8568 | D:5      | Reached skill level 5 in Spellcasting
  8568 | D:5      | Reached skill level 7 in Summonings
  8568 | D:5      | Reached XP level 9. HP: 30/65 MP: 6/16
  8842 | D:6      | Learned a level 3 spell: Summon Guardian Golem
  9583 | D:6      | Reached skill level 8 in Summonings
  9717 | D:6      | Found a bloodstained altar of Trog.
  9836 | D:6      | Found a burning altar of Makhleb.
  9902 | D:7      | Noticed a hornet
  9907 | D:7      | Killed a hornet
  9991 | D:7      | Reached skill level 5 in Fighting
 10579 | D:7      | Found a glowing golden altar of the Shining One.
 10598 | D:7      | Reached skill level 1 in Hexes
 10908 | D:7      | Reached XP level 10. HP: 75/76 MP: 3/18
 11229 | D:7      | Found a burning altar of Makhleb.
 11550 | D:8      | Noticed Psyche
 12331 | D:8      | Found a basalt altar of Yredelemnul.
 12600 | D:8      | Killed Psyche
 12624 | D:8      | Found Ditesch's Antique Armour Shoppe.
 14116 | D:9      | Noticed a two-headed ogre
 14124 | D:9      | Killed a two-headed ogre
 14125 | D:9      | Reached skill level 5 in Short Blades
 14134 | D:9      | Reached skill level 5 in Stealth
 14134 | D:9      | Reached XP level 11. HP: 41/86 MP: 16/20
 14470 | D:9      | Noticed a boulder beetle
 14497 | D:9      | Killed a boulder beetle
 14609 | D:9      | Noticed a death yak
 14612 | D:9      | Noticed a death yak
 14615 | D:9      | Noticed a death yak
 14616 | D:9      | HP: 1/86 [death yak (20)]
 15241 | D:9      | Found a staircase to the Lair.
 15431 | D:9      | Killed a death yak
 15441 | D:9      | Killed a death yak
 15456 | D:9      | Killed a death yak
 15665 | D:9      | Found a hide-covered altar of Uskayaw.
 15938 | D:9      | HP: 3/86 [troll (7)]
 16280 | D:9      | Found a staircase to the Lair.
 16328 | D:9      | Found Efineona's Armour Emporium.
 16392 | D:9      | Found a hide-covered altar of Uskayaw.
 16967 | D:10     | Entered Level 10 of the Dungeon
 17010 | D:10     | Identified the +0 leather armour of the Five Singing Suns
                  | {-Tele rPois rC+++ Stlth-}
 17227 | D:10     | Reached skill level 5 in Armour
 17229 | D:10     | Reached skill level 5 in Hexes
 17474 | D:10     | Found a broken altar of Ashenzari.
 18203 | D:11     | Found Mizahacs's Magic Scroll Boutique.
 18210 | D:11     | Bought a scroll of identify for 24 gold pieces
 18210 | D:11     | Bought a scroll of identify for 24 gold pieces
 18210 | D:11     | Bought a scroll of identify for 24 gold pieces
 18210 | D:11     | Bought a scroll of identify for 24 gold pieces
 19574 | D:11     | Reached XP level 12. HP: 72/92 MP: 15/22
 19746 | Lair:1   | Entered Level 1 of the Lair of Beasts
 20088 | D:9      | Reached skill level 9 in Summonings
 21179 | Lair:1   | Noticed Sonja
 21191 | Lair:1   | Killed Sonja
 22422 | Lair:2   | Found a staircase to the Snake Pit.
 22657 | Lair:2   | Reached XP level 13. HP: 41/100 MP: 15/24
 23811 | Lair:3   | Reached skill level 10 in Summonings
 23901 | Lair:3   | Found a staircase to the Swamp.
 23905 | Lair:3   | Noticed Nergalle
 23921 | Lair:2   | HP: 1/97 [poisoned by a spectral orc warrior]
 23922 | Lair:2   | Slain by a black mamba

Illustrated notes

Levels and vault maps discovered:
D:1:      spicycebolla_arrival_clurvy, layout_loops_ring,
          shapermc_ecumenical_altar_notcrosses, serial_shops, nicolae_shop_stone
D:2:      layout_loops_corners
D:3:      layout_loops_ring, nicolae_ru_awakened_eye, marbit_many_paths
D:4:      minmay_chambers_of_threes, layout_loops_ring, serial_shops,
          nicolae_shop_just_a_little_nook, nicolae_shop_tiny_glass,
          nicolae_shop_tiny_waterfront, nicolae_shop_tiny_real_fake_doors,
          grunt_ministairs_8, dk_noncrumbling_2, minmay_bisected
D:5:      layout_layer_cave
D:6:      layout_loops_ring, mainiacjoe_overflow_chevrons,
          mainiacjoe_overflow_alcove_1, minmay_temple_entry_mini_moons,
          kennysheep_small_circle
D:7:      layout_gridville, nicolae_tso_besieged_by_evil, serial_bayou_pond_d,
          david_defended_altar_orc
D:8:      layout_basic, mainiacjoe_overflow_six_doors_small, serial_shops, shop,
          introduction_to_nature_2, uniq_psyche
D:9:      layout_basic, eat_drink_and_be_merry_uskayaw, dpeg_lair_monsters
D:10:     layout_long_grid, nicolae_ashenzari_skybound
D:11:     layout_small_grid, serial_shops, shop
Temple:   jpeg_temple_clearing
Lair:1:   layout_cave_pods, st_stairs_9, beast_lair_carwin_1,
          lemuel_fruit_fields, serial_bayou_shore_b, grunt_megastairs_1,
          serial_bayou_shore_b, serial_bayou_shore_b, infiniplex_staircase_pool,
          uniq_sonja
Lair:2:   layout_small_grid, dummy_snake_entry
Lair:3:   layout_cave_pods, swamp_mist, serial_bayou_pond_b,
          guppyfry_lair_drakes, uniq_nergalle

Skill      XL: |  1  2  3  4  5  6  7  8  9 10 11 12 13 |
---------------+----------------------------------------+-----
Stealth        | 2 3 4 5 6 |  6.5
Spellcasting   | 2 3 5 6 7 8 |  8.1
Short Blades   | 1 2 4 5 8 |  8.1
Fighting       | 2 4 6 8 9 |  9.1
Summonings     | 5 6 7 8 9 10 | 10.0
Evocations     | 1 2 4 |  4.0
Dodging        | 1 3 4 |  4.3
Maces & Flails | 2 |  2.0
Hexes          | 1 4 5 6 |  6.0
Armour         | 2 5 6 |  6.0
Air Magic      | |  2.0

Action                     |  1- 3 |  4- 6 |  7- 9 | 10-12 | 13-15 || total
---------------------------+-------+-------+-------+-------+-------++-------
  Melee: Dagger            |    91 |   112 |    53 |       |       ||   256
         Spear             |       |    76 |       |       |       ||    76
         Whip              |       |       |    68 |   122 |       ||   190
         Punch             |       |       |     1 |    13 |     1 ||    15
         Short sword       |       |       |       |   338 |    89 ||   427
  Throw: Dart              |       |    19 |     2 |    11 |       ||    32
   Cast: Summon Small Mamm |    35 |    71 |    96 |   101 |    23 ||   326
         Call Canine Famil |       |    19 |    64 |   146 |    20 ||   249
         Summon Guardian G |       |       |     9 |    45 |    12 ||    66
 Invoke: Call Merchant     |       |       |       |     2 |     1 ||     3
  Evoke: Wand              |       |       |    10 |     7 |       ||    17
    Use: Scroll            |     1 |     7 |     6 |    13 |     1 ||    28
         Potion            |       |     2 |     1 |     8 |     2 ||    13
   Stab: Sleeping          |     7 |     6 |     1 |     3 |       ||    17
         Distracted        |       |       |     3 |     9 |     2 ||    14
         Paralysed         |       |       |       |     6 |       ||     6
 Armour: Robe              |    18 |    51 |    33 |       |       ||   102
         Skin              |       |    11 |       |       |       ||    11
         Leather armour    |       |       |     9 |   150 |    21 ||   180
  Dodge: Dodged            |    68 |   132 |   102 |   318 |    69 ||   689

Table legend: (Time is in decaauts)
 A = Elapsed time spent in this place.
 B = Non-inter-level travel time spent in this place.
 C = Inter-level travel time spent in this place.
 D = Time resting spent in this place.
 E = Time spent auto-exploring this place.
 F = Levels seen in this place.
 G = Mean time per level.
                   A        B        C        D        E       F      G
               +--------+--------+--------+--------+--------+-----+--------+
         Total |  23811 |  23082 |    729 |   7629 |   9335 |  15 | 1587.4 |
       Dungeon |  20265 |  19648 |    617 |   6859 |   7841 |  11 | 1842.3 |
        Temple |     31 |     18 |     13 |      0 |      0 |   1 |   31.0 |
          Lair |   3514 |   3415 |     99 |    770 |   1494 |   3 | 1171.3 |
               +--------+--------+--------+--------+--------+-----+--------+

Top non-repeatable levels by time:
     D:9: 3012 daAuts
     D:8: 2471 daAuts
     D:5: 2449 daAuts
     D:7: 2145 daAuts
     D:4: 2032 daAuts
  Lair:1: 1961 daAuts
    D:11: 1804 daAuts
     D:3: 1572 daAuts
     D:2: 1492 daAuts
     D:6: 1392 daAuts
  Lair:2: 1056 daAuts
    D:10: 955 daAuts
     D:1: 937 daAuts
  Lair:3: 496 daAuts
  Temple: 31 daAuts
